 Seeded DCSS version 0.29-a0-344-ge2f44be95a (webtiles) character file.

Game seed: 7571980778887071722 (custom seed)

44466 thiscave3701365 the Executioner (level 13, -7/114 HPs)
             Began as a Minotaur Berserker on Apr 21, 2022.
             Was a High Priest of Trog.
             Mangled by a black mamba (17 damage)
             ... on level 6 of the Lair of Beasts.
             The game lasted 00:27:51 (24491 turns).

thiscave3701365 the Executioner (MiBe)             Turns: 24491, Time: 00:27:51

Health: -7/114     AC:  0    Str: 26    XL:     13   Next: 96%
Magic:  0/12       EV: 16    Int:  4    God:    Trog [*****.]
Gold:   1622       SH:  0    Dex: 13    Spells: 12/12 levels left

rFire   . . .      SeeInvis .   (weapon currently unavailable)
rCold   + + .      Faith    .   (shield currently unavailable)
rNeg    + . .      Spirit   +   (body armour currently unavailable)
rPois   .          Reflect  .   (helmet currently unavailable)
rElec   .          Harm     .   (cloak currently unavailable)
rCorr   .          Rampage  .   (gloves currently unavailable)
Will    .....      NoTele   +   (boots currently unavailable)
Stlth   ++........              b - amulet "Icvygerr" {Spirit -Tele rC++ rN+ Dex+2}
HPRegen 0.29/turn               (ring currently unavailable)
MPRegen 0.13/turn               (ring currently unavailable)

@: pig-form (expiring), on berserk cooldown, slowed, studying Slings
A: fast, no casting, small, (horns 2), (retaliatory headbutt)
a: Renounce Religion, Berserk, Trog's Hand, Brothers in Arms


You were on level 6 of the Lair of Beasts.
You worshipped Trog.
Trog was extremely pleased with you.
You were a filthy swine.
You visited 2 branches of the dungeon, and saw 19 of its levels.
You visited the Abyss 1 time.

You collected 1622 gold pieces.

Inventory:

Hand Weapons
 k - the +11 hand axe of Bankruptcy {freeze, rF+ SInv}
   (You found it on level 7 of the Dungeon)

   It freezes those it strikes, dealing additional cold damage.
   It can also slow down cold-blooded creatures.
   rF:        It protects you from fire.
   SInv:      It lets you see invisible.
 w - a +5 great mace of draining
 L - the +10 executioner's axe "Okuynuof" (melded) {chaos, rC+ Int+3}
   (You acquired it on level 1 of the Lair of Beasts)

   Each time it hits an enemy it has a different, random effect.
   Int:       It affects your intelligence (+3).
   rC:        It protects you from cold.
 S - a +3 demon trident
Armour
 i - a +2 hat (melded)
 y - a +0 plate armour (melded)
 A - a +2 cloak (melded)
Jewellery
 a - an amulet of regeneration
 b - the amulet "Icvygerr" (around neck) {Spirit -Tele rC++ rN+ Dex+2}
   (You acquired it on level 2 of the Dungeon)

   [amulet of guardian spirit]

   It causes incoming damage to be divided between your reserves of health and
   magic.
   Dex:       It affects your dexterity (+2).
   rC:        It greatly protects you from cold.
   rN:        It protects you from negative energy.
   -Tele:     It prevents most forms of teleportation.
 f - an amulet of faith
 g - a +6 ring of dexterity (melded)
 m - a +6 ring of strength (melded)
 F - a ring of see invisible
 M - an amulet of guardian spirit
 N - a ring of willpower
 R - an amulet of reflection
 Y - the ring "Dejitun" {Ice Dex+7}
   (You found it on level 3 of the Lair of Beasts)

   [ring of ice]

   It enhances your ice magic.
   Dex:       It affects your dexterity (+7).
   rF:        It makes you vulnerable to fire.
   rC:        It protects you from cold.
 Z - an amulet of magic regeneration
Wands
 z - a wand of flame (31)
 C - a wand of paralysis (11)
 G - a wand of iceblast (13)
 I - a wand of acid (3)
 J - a wand of charming (8)
 K - a wand of digging (3)
Scrolls
 d - 15 scrolls of identify
 h - 5 scrolls of teleportation
 n - 3 scrolls of summoning
 r - 4 scrolls of enchant armour
 v - 3 scrolls of vulnerability
 Q - 3 scrolls of fog
 T - 3 scrolls of magic mapping
 U - a scroll of blinking
 X - a scroll of brand weapon
Potions
 c - 5 potions of might
 e - 12 potions of curing
 j - 3 potions of berserk rage
 l - 6 potions of degeneration
 o - 2 potions of haste
 p - 5 potions of lignification
 q - 2 potions of flight
 s - 2 potions of magic
 t - a potion of resistance
 u - 2 potions of attraction
 x - 3 potions of heal wounds
 B - 2 potions of mutation
 D - a potion of cancellation
 O - a potion of invisibility
Miscellaneous
 W - a phantom mirror


   Skills:
 - Level 10.7 Fighting
 + Level 22.7(22.9) Axes
 - Level 4.9(15.7) Maces & Flails
 - Level 12.6 Armour
 - Level 4.8 Dodging
 - Level 1.3 Stealth


You had 12 spell levels left.
You didn't know any spells.
Your spell library was empty.

Dungeon Overview and Level Annotations

Branches:
Dungeon (13/15)            Temple (0/1) D:7            Lair (6/6) D:9
  Swamp (0/4) Lair:2       Spider (0/4) Lair:3        Slime (0/5) Lair:5
    Orc (0/2) D:9
 Vaults: D:13-14

Altars:
Ashenzari
Cheibriados
Elyvilon
Fedhas
Gozag
Hepliaklqana
Makhleb
Nemelex Xobeh
Qazlal
Trog
Uskayaw
Vehumet
Wu Jian
Xom
Beogh
Jiyva
Lugonu

Shops:
D:2 !   D:6 ::*

Portals:
Trove: D:10 (give 4 potions of resistance)

Annotations:
D:12 3 runed translucent doors, thiscave3701365's ghost, journeyman MiBe
Lair:6 Sonja


Innate Abilities, Weirdness & Mutations

You are a filthy swine.
You move quickly.
Your equipment is almost entirely melded.
You are incapable of wielding weapons or throwing items.
You cannot cast spells.
((You have a pair of horns on your head.))
((You reflexively headbutt those who attack you in melee.))


Message History

You feel very sick. The black mamba completely misses you.
The elephant tramples you.
* * * LOW HITPOINT WARNING * * *
You stumble backwards!
The elephant tramples you.
* * * LOW HITPOINT WARNING * * *
You stumble backwards!
You bite the elephant!
The elephant is lightly wounded.
* * * LOW HITPOINT WARNING * * *
You feel very sick.
Unknown command.
You are too berserk!
Unknown command.
Your transformation is almost over.
You feel sick.
You feel a strong urge to attack something.
You are no longer berserk.
You are exhausted.
You feel as though you will be slow longer.
* * * LOW HITPOINT WARNING * * *
You feel sick.
Sonja says, "If only old Madame Brzewit could see me now!"
Okay, then.
You feel better. The elephant misses you. The elephant trunk-slaps you.
* * * LOW HITPOINT WARNING * * *
The black mamba bites you!
* * * LOW HITPOINT WARNING * * *
You feel much better. The black mamba bites you!
* * * LOW HITPOINT WARNING * * *
The elephant closely misses you. The elephant trunk-slaps you.
* * * LOW HITPOINT WARNING * * *
The elephant tramples you!
* * * LOW HITPOINT WARNING * * *
You stumble backwards!
Sonja mumbles some strange words.
Sonja blinks!
The elephant barely misses you. x2; The elephant tramples you.
* * * LOW HITPOINT WARNING * * *
You stumble backwards!
The black mamba bites you!!
You die...

.............P#
.....#......### #####
..#.........### ##.#.####
...!..........## #.#..#..#
...<.......§YYY####......##
.............Y.##........P#
.#.###..PP..YYYY........###
## #P#PP..Y.......?...#
###PP....SSh....#.##
##.P.........##P###
##..........<#####
......P..P### ##..P..P##
#......## ##.....P#
####.....†#...#
##(.......#.....#


You could see 9 elephants, a black mamba and a water moccasin.

Vanquished Creatures
  Rupert (D:13)
  A tentacled starspawn (Abyss:1)
  Fannar (Lair:2)
  A catoblepas (Lair:6)
  A spriggan skeleton (Abyss:1)
  A centaur warrior (D:13)
  3 boulder beetles
  3 hydras
  3 two-headed ogres
  Erica (D:9)
  A death yak (Lair:6)
  Urug (Lair:2)
  The ghost of spaghetti the Thaumaturge, a novice DgAE (D:8)
  2 bog bodies (Lair:2)
  Pikel (D:8)
  A deep elf pyromancer (D:12)
  2 ugly things (D:12)
  3 cyclopes
  An oklob plant (Lair:2)
  A will-o-the-wisp (Abyss:1)
  2 manticores
  3 elephants (Lair:2)
  An orange demon (Abyss:1)
  9 cane toads
  3 gargoyles (D:12)
  Psyche (D:10)
  Maggie (D:9)
  An ancient zyme (Abyss:1)
  5 komodo dragons
  A tormentor (Abyss:1)
  2 tengu conjurers (D:13)
  6 trolls
  8 blink frogs
  Grinder (D:6)
  A hornet (Lair:5)
  4 dream sheep (Lair:3)
  A jumping spider (Lair:3)
  A shadow (D:9)
  Sigmund (D:2)
  2 culicivoras (Lair:3)
  A wyvern (Lair:2)
  55 yaks
  3 wraiths
  A spriggan (D:10)
  3 basilisks
  A hog (shapeshifter) (Abyss:1)
  Grum (D:9)
  A redback (Lair:3)
  5 steam dragons
  4 vampire mosquitoes (D:11)
  2 swamp worms (Lair:2)
  A warg (Lair:6)
  10 water moccasins
  3 acid dragons
  A water moccasin (shapeshifter) (Abyss:1)
  A hell hound (Lair:6)
  4 orc warriors
  A sky beast (D:5)
  2 black bears
  3 centaurs
  2 ogres (D:8)
  9 wolves
  4 lemures (D:8)
  A phantom (D:3)
  3 kobold brigands
  6 bullfrogs
  A gnoll sergeant (D:9)
  3 small abominations (Abyss:1)
  A necrophage (D:4)
  4 scorpions
  15 wights
  5 killer bees (D:8)
  4 electric eels
  6 howler monkeys
  A jelly (D:7)
  A quasit (Abyss:1)
  8 hounds
  6 orc priests
  Crazy Yiuf (D:2)
  An iron imp (Abyss:1)
  Terence (D:2)
  14 orc wizards
  3 iguanas
  13 gnolls
  15 adders
  2 white imps
  2 ufetubi
  A worm (D:2)
  A dart slug (D:2)
  37 orcs
  8 endoplasms
  5 giant cockroaches
  8 hobgoblins
  6 jackals
  3 quokkas
  9 ball pythons
  5 bats
  2 frilled lizards
  5 goblins
  25 kobolds
  5 rats
  A bush (Lair:2)
  A fungus (Lair:3)
  2 starspawn tentacles (Abyss:1)
443 creatures vanquished.

Vanquished Creatures (collateral kills)
  A jumping spider (Lair:3)
1 creature vanquished.

Vanquished Creatures (others)
  8 foxfires (Abyss:1)
  19 fungi
  64 plants
91 creatures vanquished.

Grand Total: 535 creatures vanquished

Notes
Turn   | Place    | Note
-------+----------+-------------------------------------------
     0 | D:1      | thiscave3701365 the Minotaur Berserker began the quest for
                  | the Orb.
     0 | D:1      | Reached XP level 1. HP: 19/19 MP: 0/0
   257 | D:1      | Reached XP level 2. HP: 24/27 MP: 1/1
   892 | D:1      | Reached skill level 4 in Axes
  1145 | D:2      | Noticed Terence
  1153 | D:2      | Killed Terence
  1154 | D:2      | Reached XP level 3. HP: 32/33 MP: 2/2
  1290 | D:2      | Found a runed translucent door.
  1291 | D:2      | Noticed Crazy Yiuf
  1586 | D:2      | Reached XP level 4. HP: 41/41 MP: 3/3
  1612 | D:2      | Reached ** piety under Trog
  1635 | D:2      | Found Ruciklia's Distillery.
  2047 | D:2      | Noticed Sigmund
  2071 | D:2      | Killed Sigmund
  2072 | D:2      | Reached skill level 5 in Fighting
  2072 | D:2      | Reached skill level 5 in Axes
  2072 | D:2      | Reached XP level 5. HP: 8/48 MP: 4/4
  2732 | D:2      | Identified a scroll of acquirement
  2732 | D:2      | Acquired the amulet "Icvygerr" {Spirit -Tele rC++ rN+
                  | Dex+2}
  2837 | D:3      | You fall into a shaft and drop 1 floor!
  2837 | D:4      | Found a burning altar of Makhleb.
  2841 | D:4      | Reached XP level 6. HP: 56/56 MP: 5/5
  3543 | D:4      | Found a shimmering altar of Xom.
  3555 | D:4      | Found an ornate altar of the Wu Jian Council.
  3996 | D:4      | Reached skill level 6 in Axes
  4109 | D:4      | Found a stormy altar of Qazlal.
  4116 | D:4      | Found a hazy altar of Hepliaklqana.
  4121 | D:4      | Reached XP level 7. HP: 61/61 MP: 4/6
  4122 | D:4      | Found a sparkling altar of Nemelex Xobeh.
  4122 | D:4      | Found a blossoming altar of Fedhas.
  4190 | D:4      | Found a snail-covered altar of Cheibriados.
  4546 | D:5      | Entered Level 5 of the Dungeon
  4585 | D:5      | Reached skill level 7 in Axes
  4864 | D:5      | Found a white marble altar of Elyvilon.
  4945 | D:5      | Reached skill level 8 in Axes
  5321 | D:5      | Reached skill level 9 in Axes
  5498 | D:5      | Reached XP level 8. HP: 58/69 MP: 7/7
  5999 | D:3      | Reached skill level 10 in Axes
  6721 | D:2      | Killed Crazy Yiuf
  6843 | D:6      | Noticed Grinder
  6854 | D:6      | Killed Grinder
  6855 | D:6      | Reached skill level 11 in Axes
  7008 | D:6      | Found an opulent altar of Gozag.
  7065 | D:6      | Reached skill level 12 in Axes
  7169 | D:6      | Reached *** piety under Trog
  7187 | D:6      | Found Puguopp's Assorted Antiques.
  7226 | D:6      | Found Fepepsad's Book Boutique.
  7334 | D:6      | Found Zemnill's General Store.
  7390 | D:6      | Found Gostas's Book Emporium.
  7896 | D:7      | Reached XP level 9. HP: 74/74 MP: 8/8
  8317 | D:7      | Identified the +11 hand axe of Bankruptcy {freeze, rF+
                  | SInv}
  8471 | D:7      | Reached skill level 13 in Axes
  8494 | D:7      | Found a bloodstained altar of Trog.
  8910 | D:7      | Found a staircase to the Ecumenical Temple.
  9460 | D:8      | Reached skill level 14 in Axes
  9559 | D:8      | Noticed Pikel
  9571 | D:8      | Reached skill level 15 in Axes
  9574 | D:8      | Killed Pikel
  9576 | D:8      | Reached XP level 10. HP: 81/81 MP: 7/9
  9592 | D:8      | Reached skill level 16 in Axes
  9592 | D:8      | Found a hide-covered altar of Uskayaw.
  9635 | D:8      | Cast into level 1 of the Abyss (orc wizard)
  9725 | Abyss:1  | Noticed a daeva
  9725 | Abyss:1  | Noticed an orange demon
  9806 | Abyss:1  | Noticed a will-o-the-wisp
  9852 | Abyss:1  | Killed a will-o-the-wisp
 10064 | Abyss:1  | Noticed an orange demon
 10073 | Abyss:1  | Killed an orange demon
 10074 | Abyss:1  | Noticed a tentacled starspawn
 10088 | Abyss:1  | Killed a tentacled starspawn
 10091 | D:8      | Escaped the Abyss
 10441 | D:8      | Found a transporter.
 10442 | D:8      | Noticed spaghetti's ghost (novice DgAE)
 10448 | D:8      | Found a transporter.
 10698 | D:9      | Noticed Grum
 10712 | D:9      | Reached skill level 17 in Axes
 10715 | D:9      | Reached **** piety under Trog
 11105 | D:9      | Found a broken altar of Ashenzari.
 11108 | D:9      | Killed Grum
 11111 | D:9      | Found a staircase to the Lair.
 11146 | D:9      | Reached skill level 18 in Axes
 12572 | D:9      | Noticed Maggie
 12574 | D:9      | Noticed Erica
 12586 | D:9      | Killed Erica
 12593 | D:9      | Killed Maggie
 12594 | D:9      | Reached skill level 5 in Armour
 12594 | D:9      | Reached XP level 11. HP: 53/88 MP: 6/10
 13342 | D:9      | Found a staircase to the Orcish Mines.
 13454 | D:10     | Entered Level 10 of the Dungeon
 14071 | D:10     | Found a portal to a secret trove of treasure.
 14282 | D:10     | Reached skill level 19 in Axes
 14767 | D:10     | Noticed Psyche
 14775 | D:10     | Killed Psyche
 15388 | D:8      | Killed spaghetti's ghost
 15918 | D:11     | Found a broken altar of Ashenzari.
 16090 | D:11     | Noticed a two-headed ogre
 16097 | D:11     | Killed a two-headed ogre
 16660 | D:12     | Noticed a deep elf pyromancer
 16660 | D:12     | Noticed a boulder beetle
 16667 | D:12     | Killed a deep elf pyromancer
 16668 | D:12     | Reached XP level 12. HP: 102/102 MP: 9/11
 16669 | D:12     | Killed a boulder beetle
 17117 | D:12     | Found a runed translucent gate.
 17117 | D:12     | Found a runed translucent gate.
 17118 | D:12     | Found a runed translucent gate.
 17123 | D:12     | Identified the +7 plate armour of Veoph {rElec rC++ Regen+
                  | Str-4}
 17124 | D:12     | Noticed thiscave3701365's ghost (journeyman MiBe)
 17131 | D:12     | Identified the +9 quarterstaff "Deylar" {drain, rElec rCorr
                  | Dex+2}
 17481 | D:12     | Found a corrupted altar of Lugonu.
 17771 | D:12     | Reached skill level 10 in Armour
 18106 | D:13     | Reached skill level 1 in Stealth
 18262 | D:13     | Noticed a centaur warrior
 18264 | D:13     | Noticed a two-headed ogre
 18271 | D:13     | Killed a centaur warrior
 18274 | D:13     | Killed a two-headed ogre
 18660 | D:13     | Found a radiant altar of Vehumet.
 18830 | D:13     | Noticed Rupert
 18830 | D:13     | Noticed a boulder beetle
 18843 | D:13     | Killed Rupert
 18844 | D:13     | Reached skill level 10 in Fighting
 18846 | D:13     | Killed a boulder beetle
 19110 | D:13     | Noticed a two-headed ogre
 19124 | D:13     | Killed a two-headed ogre
 19125 | D:13     | Reached skill level 1 in Maces & Flails
 19487 | Lair:1   | Entered Level 1 of the Lair of Beasts
 19561 | Lair:1   | Reached skill level 20 in Axes
 19889 | Lair:1   | Reached XP level 13. HP: 97/114 MP: 10/12
 20398 | Lair:1   | Acquired the +10 executioner's axe "Okuynuof" {chaos, rC+
                  | Int+3}
 20498 | Lair:2   | Found a staircase to the Swamp.
 20777 | Lair:2   | Noticed Fannar
 20779 | Lair:2   | Reached ***** piety under Trog
 20788 | Lair:2   | Killed Fannar
 20912 | Lair:2   | Noticed Urug
 20919 | Lair:2   | Killed Urug
 21958 | Lair:3   | Reached skill level 21 in Axes
 22842 | Lair:3   | Found a hole to the Spider Nest.
 22853 | Lair:3   | Reached skill level 22 in Axes
 23265 | Lair:3   | Identified the ring "Dejitun" {Ice Dex+7}
 23396 | Lair:4   | You fall into a shaft and drop 1 floor!
 24108 | Lair:5   | Found a staircase to the Slime Pits.
 24109 | Lair:5   | Found a viscous altar of Jiyva.
 24314 | Lair:6   | Entered Level 6 of the Lair of Beasts
 24464 | Lair:6   | Noticed Sonja
 24491 | Lair:6   | Mangled by a black mamba

Illustrated notes

Levels and vault maps discovered:
D:1:      giann_horns, layout_loops_ring, serial_forest,
          infiniplex_forest_clump_large, infiniplex_forest_lined_corner,
          infiniplex_forest_lined_ring, infiniplex_forest_join,
          infiniplex_forest_clump_C
D:2:      minmay_alternating_diamond, layout_basic, serial_forest,
          infiniplex_forest_clump_cross, infiniplex_forest_straight_2,
          infiniplex_forest_straight_3, infiniplex_forest_corner_2,
          infiniplex_forest_lined_3, infiniplex_forest_clump_double,
          infiniplex_forest_clump_cross, infiniplex_forest_clump_small,
          serial_shops, shop, uniq_sigmund, uniq_crazy_yiuf_cottage,
          uniq_terence
D:3:      layout_loops_cross, kennysheep_generic_room_12
D:4:      layout_loops_ring, mainiacjoe_overflow_catwalk_spiral,
          lightli_temple_of_fire, nicolae_overflow_hallway_of_the_gods,
          minmay_misc_feat_room
D:5:      layout_rooms, nicolae_elyvilon_peaceful_grove
D:6:      layout_basic, grunt_gozag_breadcrumbs, serial_shops,
          nicolae_shop_hallway_plus, kennysheep_mini_moat,
          kennysheep_little_box, shop_coins, uniq_grinder
D:7:      layout_layer_cave, bloody_trog, temple_doors_ab, minmay_misc_feat_tiny
D:8:      layout_cave_pools, mainiacjoe_overflow_surrounded_room,
          gammafunk_ghost_smash, uniq_pikel
D:9:      layout_basic, mainiacjoe_overflow_boulevard, erik_lair_island,
          uniq_erica, uniq_maggie, uniq_grum
D:10:     layout_gridville, enter_trove_1, the_hattery, uniq_psyche
D:11:     layout_small_grid, serial_park_tiny_1, evilmike_ruin_ashenzari
D:12:     layout_basic, biasface_ghost_orc_armoury, minivault_22,
          tgw_lugonu_bribe
D:13:     layout_basic, minmay_ruined_shrine, uniq_rupert
Lair:1:   layout_gridlike
Lair:2:   layout_regular_city, nicolae_swamp_entry_splash_gauntlet,
          minmay_lair_oklob_items, nzn_sisyphean_effort, uniq_urug, uniq_fannar
Lair:3:   layout_gridlike, spider_nest_entry_funnel_web
Lair:4:   layout_cave_pods, lemuel_fruit_fields
Lair:5:   minmay_lair_venomous_thicket, layout_regular_city, slime_altar_1,
          grunt_megastairs_5
Lair:6:   wormcave, layout_misc_corridors, hangedman_lair_caniforms_friends,
          nicolae_lair_yak_garden, uniq_sonja

Skill      XL: |  1  2  3  4  5  6  7  8  9 10 11 12 13 |
---------------+----------------------------------------+-----
Fighting       | 4 5 8 10 | 10.7
Axes           | 4 5 6 9 12 15 18 19 20 22 | 22.7
Armour         | 3 4 5 9 12 | 12.6
Dodging        | 3 4 |  4.8
Stealth        | 1 |  1.3
Maces & Flails | 3 4 |  4.9

Action                   |  1- 3 |  4- 6 |  7- 9 | 10-12 | 13-15 || total
-------------------------+-------+-------+-------+-------+-------++-------
Melee: Hand axe          |    72 |    98 |   124 |   407 |       ||   701
       Headbutt          |    13 |    16 |    36 |    96 |    43 ||   204
       War axe           |       |       |    67 |       |       ||    67
       Punch             |       |       |     3 |     5 |       ||     8
       Great mace        |       |       |       |    47 |     5 ||    52
       Executioner's axe |       |       |       |       |   176 ||   176
       Unarmed           |       |       |       |       |    13 ||    13
Invok: Berserk           |     2 |     5 |    12 |    23 |     3 ||    45
  Use: Scroll            |       |     1 |     9 |    17 |     4 ||    31
       Potion            |       |       |       |       |     2 ||     2
 Stab: Distracted        |       |       |       |       |     1 ||     1
       Paralysed         |       |       |       |       |     1 ||     1
Armor: Animal skin       |     6 |       |       |       |       ||     6
       Chain mail        |     7 |    47 |    76 |    55 |       ||   185
       Plate armour      |       |       |       |    99 |   105 ||   204
Dodge: Dodged            |    41 |    60 |    82 |   152 |    98 ||   433

Table legend: (Time is in decaauts)
 A = Elapsed time spent in this place.
 B = Non-inter-level travel time spent in this place.
 C = Inter-level travel time spent in this place.
 D = Time resting spent in this place.
 E = Time spent auto-exploring this place.
 F = Levels seen in this place.
 G = Mean time per level.
                   A        B        C        D        E       F      G
               +--------+--------+--------+--------+--------+-----+--------+
         Total |  24739 |  23618 |   1121 |   6311 |  14756 |  20 | 1236.9 |
       Dungeon |  19286 |  18306 |    980 |   5766 |  10755 |  13 | 1483.5 |
          Lair |   5011 |   4870 |    141 |    357 |   3970 |   6 |  835.2 |
         Abyss |    441 |    441 |      0 |    186 |     31 |   1 |  441.0 |
               +--------+--------+--------+--------+--------+-----+--------+

Top non-repeatable levels by time:
     D:8: 2129 daAuts
     D:2: 1853 daAuts
    D:10: 1840 daAuts
     D:7: 1787 daAuts
     D:4: 1768 daAuts
     D:9: 1740 daAuts
  Lair:2: 1531 daAuts
    D:12: 1481 daAuts
    D:13: 1412 daAuts
  Lair:3: 1384 daAuts
     D:5: 1339 daAuts
     D:1: 1111 daAuts
    D:11: 1066 daAuts
  Lair:1: 946 daAuts
  Lair:5: 919 daAuts
